AoeStats
← Est.in1974

Black Forest

509728964Analyzed
4v4 RM · 4d ago on Sep 27, 2026· 56m 11s· 8 players
Game mode
Random Map
Map size
Large (8 player)
Population
200
Speed
Normal
Resources
Standard
Victory
Conquest
Starting age
Dark Age
Ending age
Imperial Age
RankedLock teamsTeams togetherTeam positionsShared explorationLock speedFull tech treeHidden civsTurbo modeCheats
Victory
Defeat
🇷🇺 Celts · Russia
1323
+9
🇷🇺 Saxons · Russia
1240
+12
🇷🇺 Khmer · Russia
1113
+17
🇷🇺 Turks · Russia
1038
+21
🇩🇪 Lithuanians · Germany
1170
-16
🇦🇷 Persians · Argentina
1153
-15
🇩🇪 Varangians · Germany
1137
-14
🇩🇪 Khmer · Germany
1137
-14
Tormentor
8:59 Loom
12:03 Feudal Age
14:50 Castle Age
12:50 Double-Bit Axe
13:00 Horse Collar
15:00 Wheelbarrow
16:44 Bow Saw
17:00 Heavy Plow
22:24 Husbandry
22:58 Bloodlines
27:33 Scale Barding Armor
27:39 Forging
27:20 Fletching
29:05 Hand Cart
28:35 Town Watch
29:04 Stone Mining
29:04 Gold Mining
29:34 Caravan
28:58 Light Cavalry
32:58 Gold Shaft Mining
32:59 Stone Shaft Mining
34:10 Iron Casting
37:22 Imperial Age
36:26 Tusk Swords
37:32 Devotion
37:42 Heavy Scorpion
38:38 Hussar
39:23 Bodkin Arrow
39:44 Town Patrol
40:11 Elite Battle Elephant
40:56 Bracer
41:17 Chain Barding Armor
42:19 Double Crossbow
42:40 Conscription
42:56 Hoardings
42:51 Siege Engineers
43:47 Chemistry
43:08 Ballistics
42:59 Fortified Wall
42:44 Murder Holes
43:00 Masonry
45:25 Blast Furnace
Est.in1974
11:26 Feudal Age
12:35 Double-Bit Axe
16:07 Castle Age
14:26 Horse Collar
15:14 Scale Barding Armor
18:00 Wheelbarrow
18:00 Forging
21:09 Loom
22:59 Bloodlines
22:49 Husbandry
23:38 Chain Barding Armor
27:10 Fishing Lines
30:59 Imperial Age
28:23 Gillnets
29:10 Bow Saw
28:58 Gold Mining
29:59 Heavy Plow
30:45 Iron Casting
31:32 Hand Cart
31:04 Town Watch
31:37 Stone Mining
32:52 Two-Man Saw
32:26 Crop Rotation
32:36 Plate Barding Armor
31:37 Cavalier
33:24 Paladin
36:00 Conscription
36:03 Caravan
39:08 Chemistry
37:52 Treadmill Crane
45:57 Masonry
46:28 Light Cavalry
47:18 Winged Hussar
48:07 Fletching
48:17 Padded Archer Armor
48:50 Architecture
48:41 Ballistics
48:18 Murder Holes
49:06 Hoardings
53:07 Hill Forts
DschingisKahl
0:27 Loom
14:04 Feudal Age
19:10 Castle Age
19:17 Double-Bit Axe
28:33 Bow Saw
29:28 Wheelbarrow
35:06 Imperial Age
33:06 Scale Barding Armor
33:12 Forging
33:31 Masonry
33:28 Arson
33:44 Squires
34:46 Husbandry
34:57 Bloodlines
34:53 Scale Mail Armor
35:32 Fortified Wall
36:28 Iron Casting
36:57 Conscription
36:40 Fishing Lines
37:10 Elite Varangian Guard
38:21 Capped Ram
39:48 Onager
42:08 Gothikon
44:57 Siege Ram
46:21 Chain Mail Armor
52:49 Blast Furnace
Jordan
1:00 Loom
11:30 Feudal Age
11:59 Double-Bit Axe
12:57 Horse Collar
17:45 Stone Mining
20:37 Castle Age
19:23 Gold Mining
22:32 Scale Barding Armor
25:51 Forging
26:47 Bow Saw
29:47 Heavy Plow
34:57 Stone Shaft Mining
35:11 Town Watch
37:02 Bloodlines
36:52 Husbandry
36:13 Light Cavalry
41:39 Imperial Age
42:27 Hussar
49:20 Iron Casting
49:08 Chain Barding Armor
roman.gringo
11:59 Feudal Age
16:01 Castle Age
14:49 Double-Bit Axe
14:59 Gold Mining
29:40 Bow Saw
36:32 Ballistics
38:46 Imperial Age
36:53 Wheelbarrow
38:51 Gold Shaft Mining
41:23 Scale Mail Armor
41:34 Forging
42:25 Pikeman
42:51 Arson
45:03 Chain Mail Armor
46:00 Halberdier
55:29 Iron Casting
56:04 Plate Mail Armor
Fiery Dwarf
0:41 Loom
13:16 Feudal Age
13:44 Man-at-Arms
14:42 Double-Bit Axe
16:18 Arson
24:46 Castle Age
22:32 Horse Collar
22:59 Fletching
24:11 Scale Mail Armor
24:22 Forging
26:02 Wheelbarrow
25:43 Bodkin Arrow
30:24 Chain Mail Armor
32:31 Pikeman
33:38 Heavy Plow
36:29 Hand Cart
37:47 Gold Mining
38:19 Bow Saw
40:50 Imperial Age
38:23 Squires
38:47 Gambesons
39:38 Iron Casting
39:14 Guard Tower
39:20 Murder Holes
39:52 Ballistics
39:13 Treadmill Crane
41:00 Halberdier
42:04 Conscription
41:27 Shield Wall
43:35 Chemistry
42:20 Arrowslits
43:25 Keep
43:52 Crop Rotation
44:27 Two-Man Saw
44:04 Plate Mail Armor
45:05 Bracer
44:31 Elite Varangian Guard
47:05 Caravan
48:00 Siege Engineers
48:06 Masonry
Nemo
4:29 Loom
12:44 Feudal Age
14:38 Fishing Lines
17:32 Castle Age
16:16 Double-Bit Axe
17:17 Horse Collar
18:51 Wheelbarrow
19:29 Bow Saw
22:09 Heavy Plow
24:06 Town Watch
27:51 Hand Cart
28:32 Town Patrol
29:04 Fletching
29:14 Padded Archer Armor
30:19 Fortified Wall
29:50 Treadmill Crane
30:23 Masonry
30:20 Bodkin Arrow
30:42 Leather Archer Armor
31:00 Stone Mining
31:01 Gold Mining
31:50 Caravan
32:44 Scale Mail Armor
32:56 Forging
36:06 Imperial Age
34:13 Scale Barding Armor
34:24 Chain Mail Armor
34:29 Murder Holes
34:36 Husbandry
34:47 Bloodlines
35:20 Bloodlines
35:36 Ballistics
35:54 Iron Casting
36:44 Sipahi
37:01 Chain Barding Armor
36:36 Guard Tower
37:09 Bombard Tower
36:36 Arrowslits
37:31 Conscription
37:47 Hoardings
38:40 Two-Man Saw
38:45 Blast Furnace
38:47 Bracer
39:30 Artillery
44:33 Plate Barding Armor
44:29 Ring Archer Armor
47:53 Architecture
47:59 Keep
48:11 Elite Janissary
48:49 Cavalier
Wst2
11:39 Feudal Age
15:42 Castle Age
13:45 Double-Bit Axe
14:14 Horse Collar
15:23 Loom
18:06 Bow Saw
18:35 Wheelbarrow
18:54 Heavy Plow
18:57 Loom
24:07 Gold Mining
28:23 Imperial Age
26:14 Hand Cart
27:26 Husbandry
27:37 Bloodlines
27:59 Caravan
28:46 Gold Shaft Mining
29:02 Elite Battle Elephant
30:45 Crop Rotation
31:02 Scale Barding Armor
31:08 Forging
32:28 Chain Barding Armor
32:43 Iron Casting
35:29 Plate Barding Armor
35:54 Blast Furnace
39:04 Tusk Swords
39:25 Conscription
41:57 Light Cavalry
54:42 Town Watch
55:28 Hussar
Connection lost

Rejoining the realm…

Still unreachable

The connection could not be restored.

Session expired

The server has moved on; the page needs a fresh start.